 Dungeon Crawl Stone Soup version 0.29-a0-308-g4e025c60ea (webtiles) character file.

Game seed: 16676035056606553185

2246 djbefl the Covert (level 9, 0/39 HPs)
             Began as a Spriggan Enchanter on Mar 28, 2022.
             Was a Follower of Dithmenos.
             Slain by a purple ugly thing (16 damage)
             ... on level 7 of the Dungeon.
             The game lasted 00:22:11 (9299 turns).

djbefl the Covert (Spriggan Enchanter)              Turns: 9299, Time: 00:22:12

Health: 0/39       AC:  4    Str:  8    XL:     9   Next: 15%
Magic:  13/23      EV: 18    Int: 17    God:    Dithmenos [*.....]
Gold:   430        SH:  0    Dex: 21    Spells: 12/26 levels left

rFire   . . .      SeeInvis +   a - +2 dagger (flame)
rCold   . . .      Faith    .   (no shield)
rNeg    . . .      Spirit   .   b - +0 robe
rPois   .          Reflect  .   m - +2 hat
rElec   .          Harm     .   (no cloak)
rCorr   .          Rampage  .   (gloves unavailable)
Will    +....                   (boots unavailable)
Stlth   ++++++....              (no amulet)
HPRegen 0.13/turn               k - +6 ring of dexterity
MPRegen 0.18/turn               (no ring)

@: wreathed by umbra, very quick
A: very small, no large weapons, unfitting armour, see invisible, speed 3
a: Renounce Religion


You were on level 7 of the Dungeon.
You worshipped Dithmenos.
Dithmenos was aware of your devotion.
You visited 2 branches of the dungeon, and saw 9 of its levels.

You collected 430 gold pieces.

Inventory:

Hand Weapons
 a - a +2 dagger of flaming (weapon)
 t - a +2 short sword of draining
Missiles
 f - 4 poisoned darts (quivered)
 l - 5 atropa-tipped darts
Armour
 b - a +0 robe (worn)
 m - a +2 hat (worn)
Jewellery
 k - a +6 ring of dexterity (left hand)
Wands
 j - a wand of polymorph (11)
 s - a wand of acid (4)
 u - a wand of flame (13)
Scrolls
 n - 3 scrolls of blinking
 o - a scroll of teleportation
Potions
 c - 4 potions of invisibility
 d - 4 potions of cancellation
 e - a potion of brilliance
 g - 2 potions of flight
 h - a potion of curing
 i - a potion of magic
 p - 3 potions of might
 q - a potion of experience
 v - a potion of ambrosia


   Skills:
 - Level 1.1 Short Blades
 - Level 2.6 Dodging
 + Level 10.8 Stealth
 + Level 9.2 Spellcasting
 + Level 9.5 Hexes


You had 12 spell levels left.
You knew the following spells:

 Your Spells              Type           Power      Damage    Failure   Level
a - Ensorcelled Hibernat  Hex/Ice        48%        N/A       1%          2
b - Tukima's Dance        Hex            40%        N/A       1%          3
c - Dazzling Flash        Conj/Hex       48%        N/A       3%          3
d - Confusing Touch       Hex            40%        N/A       1%          3
e - Stone Arrow           Conj/Erth      14%        3d7       28%         3

Your spell library contained the following spells:

 Spells                   Type           Power      Damage    Failure   Level
 Sandblast                Erth           14%        2d6       10%         1
 Passwall                 Tmut/Erth      5%         N/A       14%         2
 Silence                  Hex/Air        12%        N/A       34%         5
 Agony                    Necr           7%         N/A       95%         5
 Malign Gateway           Summ/Tloc      3%         N/A       100%        7
 Summon Horrible Things   Summ           3%         N/A       100%        8


Dungeon Overview and Level Annotations

Branches:
Dungeon (8/15)             Temple (1/1) D:4
   Lair: D:8-11

Altars:
Ashenzari
Dithmenos
Elyvilon
Fedhas
Hepliaklqana
Kikubaaqudgha
Makhleb
Okawaru
Qazlal
Ru
Uskayaw
Vehumet
Wu Jian
Xom
Yredelemnul
The Shining One

Annotations:
D:8 Psyche


Innate Abilities, Weirdness & Mutations

You are very small and have problems with some larger weapons.
You are too small for most types of armour.
You have supernaturally acute eyesight. (SInv)
You cover ground extremely quickly. (Speed+++)


Message History

Dithmenos accepts your kill.
Casting: Ensorcelled Hibernation (safe; 1% risk of failure)
Confirm with . or Enter, or press ? or * to list all spells.
Aiming: Ensorcelled Hibernation (safe; 1% risk of failure)
Press: ? - help, Shift-Dir - straight line, f - purple ugly thing
Aim: a purple ugly thing (umbra, chance to affect: 37%)
The purple ugly thing easily resists.
The purple ugly thing misses you.
Casting: Ensorcelled Hibernation (safe; 1% risk of failure)
Confirm with . or Enter, or press ? or * to list all spells.
Aiming: Ensorcelled Hibernation (safe; 1% risk of failure)
Press: ? - help, Shift-Dir - straight line, f/p - purple ugly thing
Aim: a purple ugly thing (umbra, chance to affect: 37%)
The purple ugly thing easily resists.
The purple ugly thing closely misses you.
Casting: Ensorcelled Hibernation (safe; 1% risk of failure)
Confirm with . or Enter, or press ? or * to list all spells.
Aiming: Ensorcelled Hibernation (safe; 1% risk of failure)
Press: ? - help, Shift-Dir - straight line, f/p - purple ugly thing
Aim: a purple ugly thing (umbra, chance to affect: 37%)
The purple ugly thing looks drowsy...
The helpless purple ugly thing fails to defend itself.
You spit the purple ugly thing like a pig!!!
You burn the purple ugly thing!
The purple ugly thing is almost dead.
The purple ugly thing completely misses you.
Casting: Ensorcelled Hibernation (safe; 1% risk of failure)
Confirm with . or Enter, or press ? or * to list all spells.
Your hands begin to glow red.
The purple ugly thing headbutts you!
Unknown command.
You hit the purple ugly thing but do no damage.
The purple ugly thing appears confused.
The purple ugly thing is almost dead.
The purple ugly thing completely misses you.
You hit the purple ugly thing. You burn the purple ugly thing.
The purple ugly thing is almost dead.
The purple ugly thing headbutts you.
You hit the purple ugly thing but do no damage.
The purple ugly thing is almost dead.
The purple ugly thing headbutts you!
You die...

#...)...#..
#...)......
#.####..### #
#.........# ### #.
#.#######.# #.######
#'#########.#######.#
#......#
#....#...............
.......#
#....#...............
.......#
#...@#......########.
.......#
#..u>#..##### ##
.....[.###########.##
...................#
...................#
.........###########
>.......## ........#
........#


You could see a purple ugly thing (confused).

Vanquished Creatures
  An acid dragon (D:7)
  Duvessa (D:5)
  A water moccasin (D:7)
  An ice beast (D:8)
  2 sky beasts (D:8)
  An ogre (D:6)
  A black bear (D:7)
  A centaur (D:5)
  Blork the orc (D:6)
  A kobold brigand (D:8)
  2 necrophages
  4 scorpions
  Dowan (D:5)
  A howler monkey (D:7)
  5 orc priests
  5 hounds
  4 jellies
  Ijyb (D:5)
  3 iguanas
  2 orc wizards
  4 gnolls (D:5)
  8 adders
  2 white imps (D:5)
  2 ufetubi
  A dart slug (D:2)
  9 orcs
  9 ball pythons
  3 bats
  3 endoplasms
  2 giant cockroaches
  10 goblins
  5 hobgoblins
  6 jackals (D:1)
  3 quokkas
  3 frilled lizards (D:1)
  8 kobolds
  7 rats
124 creatures vanquished.

Vanquished Creatures (collateral kills)
  An orc priest (D:6)
  4 orcs (D:8)
  A bat (D:3)
  A rat (D:3)
7 creatures vanquished.

Vanquished Creatures (others)
  4 dancing weapons
  8 fungi (D:8)
  6 plants (D:3)
18 creatures vanquished.

Grand Total: 149 creatures vanquished

Notes
Turn   | Place    | Note
-------+----------+-------------------------------------------
     0 | D:1      | djbefl the Spriggan Enchanter began the quest for the Orb.
     0 | D:1      | Reached XP level 1. HP: 9/9 MP: 5/5
    66 | D:2      | Found a broken altar of Ashenzari.
   854 | D:3      | Reached XP level 2. HP: 12/13 MP: 7/7
   859 | D:3      | Learned a level 2 spell: Ensorcelled Hibernation
  1084 | D:2      | Reached XP level 3. HP: 16/16 MP: 3/9
  1404 | D:2      | Learned a level 3 spell: Tukima's Dance
  1408 | D:2      | Learned a level 3 spell: Confusing Touch
  2017 | D:1      | Reached XP level 4. HP: 21/21 MP: 11/11
  2275 | D:1      | Reached skill level 5 in Hexes
  2969 | D:2      | Found a faded altar of an unknown god.
  3720 | D:3      | Reached skill level 5 in Spellcasting
  3720 | D:3      | Reached XP level 5. HP: 24/24 MP: 9/13
  3790 | D:3      | Learned a level 3 spell: Dazzling Flash
  3794 | D:3      | Learned a level 3 spell: Stone Arrow
  4184 | D:4      | Reached skill level 5 in Stealth
  4357 | D:4      | Reached XP level 6. HP: 28/28 MP: 5/15
  4467 | D:4      | You fall into a shaft and drop 3 floors!
  4579 | D:7      | Reached skill level 6 in Stealth
  4662 | D:7      | Noticed a water moccasin
  4672 | D:7      | Killed a water moccasin
  4673 | D:7      | Reached XP level 7. HP: 32/32 MP: 14/17
  4752 | D:7      | Reached skill level 7 in Stealth
  5032 | D:6      | Noticed Blork the orc
  5039 | D:6      | Killed Blork the orc
  5059 | D:6      | Reached skill level 8 in Stealth
  5062 | D:6      | Reached XP level 8. HP: 22/36 MP: 5/20
  5227 | D:5      | Entered Level 5 of the Dungeon
  5561 | D:4      | Found a staircase to the Ecumenical Temple.
  5575 | Temple   | Entered the Ecumenical Temple
  5782 | Temple   | Became a worshipper of Dithmenos the Shadowed
  6424 | D:5      | Noticed Ijyb
  6437 | D:5      | Killed Ijyb
  6555 | D:5      | Reached skill level 9 in Stealth
  6764 | D:5      | Noticed Dowan
  6817 | D:5      | Noticed Duvessa
  6867 | D:5      | Killed Dowan
  6868 | D:5      | Killed Duvessa
  7533 | D:6      | Reached skill level 10 in Stealth
  8789 | D:8      | Reached * piety under Dithmenos
  8790 | D:8      | Found a hazy altar of Hepliaklqana.
  8803 | D:8      | Reached XP level 9. HP: 22/39 MP: 6/22
  9283 | D:8      | Noticed Psyche
  9288 | D:7      | Noticed a purple ugly thing
  9299 | D:7      | Slain by a purple ugly thing

Illustrated notes

Levels and vault maps discovered:
D:1:      scummos_arrival_gate, layout_basic, minmay_box_of_dots
D:2:      layout_loops_ring, basic_altar, ebering_ecumenical_altar_box
D:3:      layout_basic, serial_bayou_lake_a
D:4:      layout_basic, minmay_temple_entry_crystal_x
D:5:      layout_loops_ring, serial_rivers, chequers_serial_rivers_large_a,
          chequers_serial_rivers_micro_d, chequers_serial_rivers_micro_e,
          chequers_serial_rivers_marsh, chequers_serial_rivers_small_3,
          chequers_serial_rivers_room_a, uniq_duvessa, uniq_ijyb
D:6:      nicolae_cairo_tiling_large, layout_basic, serial_curves,
          eino_curves_01, eino_curves_04, uniq_blork_the_orc
D:7:      minmay_klotski, layout_rooms
D:8:      layout_rooms, mainiacjoe_overflow_chevrons, serial_shops, shop,
          uniq_psyche
Temple:   mainiacjoe_temple_cubbyholes

Skill      XL: |  1  2  3  4  5  6  7  8  9 |
---------------+----------------------------+-----
Spellcasting   | 3 4 5 6 7 8 9 |  9.2
Hexes          | 4 5 6 7 9 |  9.5
Stealth        | 5 6 8 10 | 10.8
Short Blades   | |  1.1
Dodging        | |  2.6

Action                   |  1- 3 |  4- 6 |  7- 9 || total
-------------------------+-------+-------+-------++-------
Melee: Dagger            |   113 |   105 |   108 ||   326
       Punch             |       |     3 |     3 ||     6
 Cast: Ensorcelled Hiber |    15 |    16 |    53 ||    84
       Tukima's Dance    |       |     1 |    13 ||    14
       Confusing Touch   |       |     3 |     8 ||    11
Evoke: Wand              |       |       |     6 ||     6
  Use: Scroll            |     4 |     6 |     8 ||    18
       Potion            |     2 |     1 |     1 ||     4
 Stab: Sleeping          |    11 |    16 |    34 ||    61
       Distracted        |       |     1 |       ||     1
       Confused          |       |     2 |     4 ||     6
Armor: Robe              |    14 |    20 |    12 ||    46
Dodge: Dodged            |    86 |    79 |   122 ||   287

Table legend: (Time is in decaauts)
 A = Elapsed time spent in this place.
 B = Non-inter-level travel time spent in this place.
 C = Inter-level travel time spent in this place.
 D = Time resting spent in this place.
 E = Time spent auto-exploring this place.
 F = Levels seen in this place.
 G = Mean time per level.
                   A        B        C        D        E       F      G
               +--------+--------+--------+--------+--------+-----+--------+
         Total |   7099 |   6836 |    263 |    818 |   4704 |   9 |  788.8 |
       Dungeon |   6917 |   6704 |    213 |    818 |   4581 |   8 |  864.6 |
        Temple |    181 |    132 |     49 |      0 |    123 |   1 |  181.0 |
               +--------+--------+--------+--------+--------+-----+--------+

Top non-repeatable levels by time:
     D:3: 1179 daAuts
     D:5: 1150 daAuts
     D:1: 1037 daAuts
     D:6: 886 daAuts
     D:2: 886 daAuts
     D:4: 700 daAuts
     D:7: 616 daAuts
     D:8: 460 daAuts
  Temple: 181 daAuts
